 Dungeon Crawl Stone Soup version 0.30-a0-964-gd452b5e7fa (webtiles) character file.

Game seed: 11691688715262387182

8080 Dirtsage the Severer (level 11, -3/75 HPs)
             Began as a Demonspawn Berserker on Mar 30, 2023.
             Was a High Priest of Trog.
             Slain by a troll (8 damage)
             ... on level 9 of the Dungeon.
             The game lasted 00:15:57 (8401 turns).

Dirtsage the Severer (Demonspawn Berserker)         Turns: 8401, Time: 00:15:58

Health: -3/75      AC: 12    Str: 22    XL:     11   Next: 5%
Magic:  0/11       EV: 11    Int:  9    God:    Trog [*****.]
Gold:   402        SH:  0    Dex: 12    Spells: 10/10 levels left

rFire   . . .      SeeInvis .    e - +0 war axe
rCold   . . .      Faith    .    (no shield)
rNeg    + . .      Spirit   +    m - +0 ring mail
rPois   .          Reflect  .    p - +0 helmet
rElec   .          Rampage  .    s - +0 cloak {Will+}
rCorr   .                        (no gloves)
Will    +....                    d - +0 pair of boots
Stlth   +                        f - amulet of magic regeneration
HPRegen 0.32/turn                h - +4 ring of protection
MPRegen 0.64/turn                N - ring of positive energy

@: on berserk cooldown, slowed, very slow
A: demonic guardian 1, magic shield, magic regeneration, demonic touch 1
a: Renounce Religion, Berserk, Trog's Hand, Brothers in Arms


You were on level 9 of the Dungeon.
You worshipped Trog.
Trog was extremely pleased with you.
You visited 1 branch of the dungeon, and saw 10 of its levels.
You also visited: Ossuary.

You collected 447 gold pieces.
You spent 45 gold pieces at shops.

Inventory:

Hand Weapons
 e - a +0 war axe (weapon)
 C - a +2 heavy broad axe
Missiles
 J - 3 curare-tipped darts (quivered)
Armour
 d - a +0 pair of boots (worn)
 m - a +0 ring mail (worn)
 p - a +0 helmet (worn)
 s - a +0 cloak of willpower (worn)
 K - a +0 pair of gloves
Jewellery
 f - an amulet of magic regeneration (around neck)
 h - a +4 ring of protection (left hand)
 N - a ring of positive energy (right hand)
Wands
 u - a wand of roots (1)
 D - a wand of digging (5)
Scrolls
 c - 3 scrolls of vulnerability
 g - 4 scrolls of fear
 i - 6 scrolls of identify
 o - a scroll of butterflies
 t - a scroll of poison
 v - 2 scrolls of magic mapping
 A - a scroll of enchant armour {unknown}
 B - 2 scrolls of blinking
 E - a scroll of brand weapon {unknown}
 F - 2 scrolls of teleportation {unknown}
 G - 2 scrolls of enchant weapon
Potions
 a - 3 potions of lignification {unknown}
 b - 2 potions of cancellation {unknown}
 j - 2 potions of ambrosia {unknown}
 k - 2 potions of invisibility {unknown}
 l - a potion of haste {unknown}
 n - 2 potions of heal wounds {unknown}
 q - 9 potions of curing
 r - 4 potions of attraction {unknown}
 w - 4 potions of mutation {unknown}
 x - a potion of might {unknown}
 z - 2 potions of degeneration {unknown}
 H - 4 potions of brilliance {unknown}
 I - a potion of resistance {unknown}
Miscellaneous
 y - a piece from Xom's chessboard (15/15)


   Skills:
 - Level 3.0 Fighting
 + Level 15.6 Axes
 - Level 1.7 Armour
 - Level 1.7 Dodging


You had 10 spell levels left.
You didn't know any spells.
Your spell library contained the following spells:

 Spells                   Type           Power      Damage    Failure   Level
 Apportation              Tloc           0%         N/A       54%         1
 Necrotise                Necr           0%         1d4       54%         1
 Sandblast                Erth           0%         2d4       54%         1
 Slow                     Hex            0%         N/A       54%         1
 Summon Small Mammal      Summ           0%         N/A       54%         1
 Passwall                 Tmut/Erth      0%         N/A       69%         2
 Confusing Touch          Hex            0%         N/A       89%         3
 Dazzling Flash           Conj/Hex       0%         N/A       89%         3
 Frozen Ramparts          Ice            0%         1d1       89%         3
 Gell's Gravitas          Tloc           0%         N/A       89%         3
 Kindle Blastsparks       Fire/Tloc/Air  0%         2d10      89%         3
 Stone Arrow              Conj/Erth      0%         3d7       89%         3
 Teleport Other           Tloc           0%         N/A       89%         3
 Vampiric Draining        Necr           0%         2d6       89%         3
 Fulminant Prism          Conj/Hex       0%         3d5       100%        4
 Ice Form                 Ice/Tmut       0%         N/A       100%        4
 Iskenderun's Mystic Bla  Conj/Tloc      0%         2d3       100%        4
 Summon Ice Beast         Ice/Summ       0%         N/A       100%        4
 Agony                    Necr           0%         N/A       100%        5
 Lee's Rapid Deconstruct  Erth           0%         3d4*      100%        5
 Silence                  Hex/Air        0%         N/A       100%        5
 Dispersal                Tloc           0%         N/A       100%        6


Dungeon Overview and Level Annotations

Branches:
Dungeon (10/15)            Temple (0/1) D:6            Lair (0/5) D:10
Ossuary (visited)
    Orc: D:9-12

Altars:
Cheibriados
Kikubaaqudgha
Nemelex Xobeh
Qazlal
Sif Muna

Shops:
D:3 ((=:

Annotations:
D:3 2 transporters
D:10 Grum


Innate Abilities, Weirdness & Mutations

A weak demonic guardian rushes to your aid.
When hurt, damage is shared between your health and your magic reserves.
You regenerate magic rapidly.
Your touch may inflict minor irresistible damage on your foes.


Message History

There is an escape hatch in the ceiling here.
The hound bites you but does no damage. x3; The troll bites you!
* * * LOW HITPOINT WARNING * * *
The troll claws you.
* * * LOW HITPOINT WARNING * * *
The troll claws you but does no damage. The hound misses you.
The hound bites you.
* * * LOW HITPOINT WARNING * * *
A demonic guardian appears!
A mysterious force pulls you upwards. The hatch slams shut behind you.
Your summoned ally is left behind.
You take 10 damage, and have 15/75 hp.
You now have 8/11 mp.
You're still recovering from your berserk rage.
Unknown command.
You hit the troll.
You touch the troll!
The troll is moderately wounded.
You closely miss the hound. You slash the hound!
The hound bites you but does no damage. The troll barely misses you.
The troll claws you but does no damage. x2; The hound completely misses you.
The hound bites you but does no damage. The troll bites you but does no damage.
The troll barely misses you. The troll claws you.
* * * LOW HITPOINT WARNING * * *
You take 3 damage, and have 12/75 hp.
You now have 6/11 mp.
You hit the troll but do no damage. Your touch misses the troll.
The troll is lightly wounded.
You hit the hound but do no damage. You closely miss the hound.
The hound bites you but does no damage. x2; The hound misses you.
The hound stops to sniff the ground.
The hound barely misses you. The troll barely misses you.
The troll claws you. x2
* * * LOW HITPOINT WARNING * * *
You take 2 damage, and have 10/75 hp.
You slash the troll!
The troll is heavily wounded.
You hit the hound but do no damage. You closely miss the hound.
The hound barely misses you. The hound bites you.
* * * LOW HITPOINT WARNING * * *
The troll bites you.
* * * LOW HITPOINT WARNING * * *
The troll claws you!
You die...

#.#.#.#...............#.## ####
#######...............##.## #..##
............###.......#.#.###.#.#
...........## ##.......##.##..##.
...........# #...............##
...........## ##...............##
#...........###.................#
##.............h................#
#........[.....@T...............
##...............h..............#
#.........[......................
..........[......................
.................................
.......)............###..........
...................## ##.........
....)..............# #.........
.).<...............## ##.........


You could see a troll and 2 hounds.

Vanquished Creatures
  A two-headed ogre (D:9)
  The ghost of UltrafastDeath the Destroyer, a novice OpCj of Gozag (D:9)
  Maggie (D:6)
  A troll (D:9)
  Prince Ribbit (D:5)
  4 yaks (D:9)
  A shadow (D:9)
  3 wraiths (D:9)
  Menkaure (D:5)
  A steam dragon (D:7)
  A water moccasin (D:7)
  Edmund (D:6)
  An acid dragon (D:9)
  2 orc warriors
  2 ice beasts
  2 black bears
  2 ogres (D:4)
  A sky beast (D:8)
  8 wolves (D:10)
  3 centaurs
  5 bullfrogs
  13 scorpions
  7 wights
  11 killer bees
  An electric eel (D:10)
  An iron imp (D:8)
  2 orc priests
  4 hounds
  2 jellies
  4 human zombies (Ossuary)
  Crazy Yiuf (D:2)
  2 iguanas
  Jessica (D:3)
  2 orc wizards
  4 scorpion zombies (Ossuary)
  3 mummies (Ossuary)
  Robin (D:2)
  14 adders
  7 gnolls
  2 shadow imps
  A white imp (D:6)
  3 dart slugs
  25 orcs
  5 bats
  9 endoplasms
  4 giant cockroaches
  2 gnoll zombies (Ossuary)
  9 hobgoblins
  7 jackals
  5 kobolds
  4 quokkas
  12 ball pythons
  3 frilled lizards (D:1)
  20 goblins
  A goblin zombie (Ossuary)
  2 hobgoblin zombies (Ossuary)
  2 kobold zombies (Ossuary)
  An orc zombie (Ossuary)
  6 rats
246 creatures vanquished.

Vanquished Creatures (others)
  A demonic plant (D:3)
  32 plants
  2 withered plants (D:3)
35 creatures vanquished.

Grand Total: 281 creatures vanquished

Notes
Turn   | Place    | Note
-------+----------+-------------------------------------------
     0 | D:1      | Dirtsage the Demonspawn Berserker began the quest for the
                  | Orb.
     0 | D:1      | Reached XP level 1. HP: 18/18 MP: 1/1
   188 | D:1      | Reached skill level 3 in Axes
   269 | D:1      | Gained mutation: Your touch may inflict minor irresistible
                  | damage on your foes. [demonic ancestry]
   269 | D:1      | Reached XP level 2. HP: 24/24 MP: 2/2
   615 | D:1      | Gained mutation: You regenerate magic rapidly. [demonic
                  | ancestry]
   615 | D:1      | Reached XP level 3. HP: 29/29 MP: 3/3
   967 | D:2      | Reached ** piety under Trog
   972 | D:2      | Reached skill level 4 in Axes
  1149 | D:2      | Noticed Robin
  1153 | D:2      | Reached XP level 4. HP: 35/35 MP: 4/4
  1177 | D:2      | Killed Robin
  1349 | D:2      | Reached skill level 5 in Axes
  1529 | D:2      | Found a runed translucent door.
  1530 | D:2      | Noticed Crazy Yiuf
  1627 | D:2      | Killed Crazy Yiuf
  1628 | D:2      | Gained mutation: When hurt, damage is shared between your
                  | health and your magic reserves. [demonic ancestry]
  1628 | D:2      | Reached XP level 5. HP: 41/41 MP: 5/5
  1681 | D:3      | Found a faded altar of an unknown god.
  1705 | D:3      | Found a transporter.
  1735 | D:3      | Found Eloull's Book Boutique.
  1817 | D:3      | Found Beutzuu's Jewellery Emporium.
  1880 | D:3      | Noticed Jessica
  1884 | D:3      | Killed Jessica
  1923 | D:3      | Found Xoenivir's Weapon Shop.
  1981 | D:3      | Found Guagas's Weapon Emporium.
  2048 | D:3      | Found a transporter.
  2178 | D:3      | Identified the +0 robe of Elitism {Str+4 Dex+3}
  2225 | D:3      | Found a sparkling altar of Nemelex Xobeh.
  2328 | D:4      | Found a sand-covered staircase.
  2360 | Ossuary  | Entered an ossuary
  2370 | Ossuary  | Reached *** piety under Trog
  2378 | Ossuary  | Reached skill level 6 in Axes
  2403 | Ossuary  | Reached XP level 6. HP: 40/47 MP: 6/6
  2702 | Ossuary  | Reached skill level 7 in Axes
  2814 | Ossuary  | Gained mutation: A weak demonic guardian rushes to your
                  | aid. [demonic ancestry]
  2814 | Ossuary  | Reached XP level 7. HP: 52/52 MP: 7/7
  2824 | Ossuary  | Reached skill level 8 in Axes
  3141 | D:3      | Bought a +0 war axe for 45 gold pieces
  3153 | D:4      | Reached skill level 9 in Axes
  3153 | D:4      | Reached XP level 8. HP: 58/58 MP: 8/8
  3860 | D:4      | Reached skill level 10 in Axes
  4176 | D:5      | Entered Level 5 of the Dungeon
  4252 | D:5      | Noticed Menkaure
  4258 | D:5      | Killed Menkaure
  4282 | D:5      | Noticed Prince Ribbit
  4294 | D:5      | Killed Prince Ribbit
  4435 | D:5      | Reached skill level 11 in Axes
  4487 | D:5      | Reached XP level 9. HP: 48/63 MP: 9/9
  4608 | D:5      | Reached **** piety under Trog
  4714 | D:5      | Found an ancient bone altar of Kikubaaqudgha.
  4715 | D:5      | Found a shimmering blue altar of Sif Muna.
  5014 | D:6      | Noticed Maggie
  5024 | D:6      | Killed Maggie
  5257 | D:6      | Noticed Edmund
  5267 | D:6      | Killed Edmund
  5268 | D:6      | Reached skill level 12 in Axes
  5849 | D:6      | Found a staircase to the Ecumenical Temple.
  6093 | D:7      | Reached skill level 13 in Axes
  6175 | D:7      | Found a stormy altar of Qazlal.
  6621 | D:8      | Found a snail-covered altar of Cheibriados.
  6650 | D:8      | Reached XP level 10. HP: 70/70 MP: 10/10
  7370 | D:9      | Reached ***** piety under Trog
  7385 | D:9      | Reached skill level 14 in Axes
  7451 | D:9      | Noticed a two-headed ogre
  7470 | D:9      | Killed a two-headed ogre
  7672 | D:9      | Found a runed translucent gate.
  7673 | D:9      | Found a runed translucent gate.
  7674 | D:9      | Found a runed translucent gate.
  7919 | D:9      | Reached skill level 15 in Axes
  8153 | D:9      | Noticed UltrafastDeath's ghost (novice OpCj)
  8176 | D:9      | Killed UltrafastDeath's ghost
  8264 | D:10     | Entered Level 10 of the Dungeon
  8345 | D:10     | Noticed Grum
  8346 | D:10     | Found a staircase to the Lair.
  8358 | D:10     | Reached XP level 11. HP: 75/75 MP: 11/11
  8374 | D:10     | Received a gift from Trog
  8401 | D:9      | Slain by a troll

Illustrated notes

Levels and vault maps discovered:
D:1:      minmay_arrival_checkered_box, layout_basic
D:2:      layout_rooms, minmay_hexomino_p4, uniq_crazy_yiuf_cottage, uniq_robin
D:3:      gammafunk_steamed_eel, layout_loops_ring, marbit_many_paths,
          zin_statuary, shapermc_ecumenical_altar_gd, serial_shops, shop,
          nicolae_shop_bloodbath_and_beyond, shop_statue,
          nicolae_shop_window_shopping, uniq_jessica
D:4:      layout_basic, serial_bayou, serial_bayou_pond_c, serial_bayou_lake_a,
          serial_bayou_shore_b, serial_bayou_shore_a,
          nicolae_ossuary_entry_false_entrances, nicolae_half_adder
D:5:      layout_rooms, chequers_temple_overflow_statue_of_worship,
          hellmonk_bongcloud_opening, uniq_prince_ribbit1, uniq_menkaure
D:6:      layout_basic, minmay_temple_entry_nine_rooms, uniq_maggie, uniq_edmund
D:7:      layout_basic, mainiacjoe_overflow_large_starburst,
          amcnicky_mini_rare_corridor_liquid
D:8:      layout_basic, slow_altar_1, chequers_avenue, serial_bayou_lagoon_a,
          nicolae_fountain_basement
D:9:      layout_big_octagon, gammafunk_ghost_spectres, chequers_mini_garden
D:10:     layout_cave_pods, kennysheep_little_box, erik_lair_island,
          uniq_fannar, uniq_amaemon, uniq_grum, uniq_erolcha

Skill      XL: |  1  2  3  4  5  6  7  8  9 10 |
---------------+-------------------------------+-----
Axes           | 3 4 5 6 7 9 11 13 15 | 15.6
Fighting       | |  3.0
Armour         | |  1.7
Dodging        | |  1.7

Action                     |  1- 3 |  4- 6 |  7- 9 | 10-12 || total
---------------------------+-------+-------+-------+-------++-------
  Melee: Hand axe          |   104 |   124 |    44 |       ||   272
         Touch             |     8 |    24 |    54 |    31 ||   117
         Punch             |       |     2 |     3 |       ||     5
         War axe           |       |       |   240 |   166 ||   406
 Invoke: Berserk           |     2 |     5 |     8 |     6 ||    21
         Trog's Hand       |       |       |     1 |       ||     1
  Evoke: Wand              |       |       |       |     1 ||     1
    Use: Scroll            |       |       |     5 |     3 ||     8
         Potion            |       |       |       |     1 ||     1
 Armour: Animal skin       |    12 |       |       |       ||    12
         Ring mail         |    36 |    61 |   119 |    87 ||   303
  Dodge: Dodged            |    69 |    67 |   147 |   108 ||   391

Table legend: (Time is in decaauts)
 A = Elapsed time spent in this place.
 B = Non-inter-level travel time spent in this place.
 C = Inter-level travel time spent in this place.
 D = Time resting spent in this place.
 E = Time spent auto-exploring this place.
 F = Levels seen in this place.
 G = Mean time per level.
                   A        B        C        D        E       F      G
               +--------+--------+--------+--------+--------+-----+--------+
         Total |   8611 |   8263 |    348 |   1475 |   5414 |  11 |  782.8 |
       Dungeon |   7870 |   7522 |    348 |   1028 |   5277 |  10 |  787.0 |
       Ossuary |    740 |    740 |      0 |    446 |    136 |   1 |  740.0 |
               +--------+--------+--------+--------+--------+-----+--------+

Top non-repeatable levels by time:
     D:6: 1196 daAuts
     D:4: 1167 daAuts
     D:1: 981 daAuts
     D:9: 882 daAuts
     D:7: 786 daAuts
 Ossuary: 740 daAuts
     D:2: 736 daAuts
     D:3: 707 daAuts
     D:8: 650 daAuts
     D:5: 635 daAuts
    D:10: 127 daAuts
